 Dungeon Sprint DCSS version 0.22-a0-362-g535178c (webtiles) character file.

25616 emperorscorpion the Markscentaur (level 12, 0/124 HPs)
             Began as a Centaur Hunter on Apr 21, 2018.
             Was a Priest of Uskayaw.
             Slain by a merfolk aquamancer
             ... wielding a +5 rapier of draining
              (1 damage)
             ... in the Dungeon (Sprint IX: "|||||||||||||||||||||||||||||").
             The game lasted 00:20:07 (5166 turns).

emperorscorpion the Markscentaur (Centaur Hunter)   Turns: 5166, Time: 00:20:08

Health: 0/124      AC: 13    Str: 17    XL:     12   Next: 91%
Magic:  21/21      EV: 12    Int: 10    God:    Uskayaw [***...]
Gold:   178        SH:  0    Dex: 13    Spells: 14/22 levels left

rFire    + . .     SeeInvis .   I - +4 longbow (freeze)
rCold    . . .     Gourm    .   (shield currently unavailable)
rNeg     . . .     Faith    .   q - +2 ring mail
rPois    .         Spirit   .   D - +0 helmet
rElec    .         Reflect  .   G - +0 cloak {+Inv}
rCorr    .         Harm     .   C - +0 pair of gloves
MR       .....     NoTele   +   (no barding)
Stlth    ..........             (no amulet)
HPRegen  0.30/turn              N - ring of protection from fire
MPRegen  0.17/turn              s - +2 ring of evasion

@: very slightly contaminated, heavily drained, invisible, very quick
A: large, hooves 3, deformed body, speed 2, tough skin 3
a: Stomp, Line Pass, Renounce Religion


You were in the Dungeon.
You worshipped Uskayaw.
Uskayaw was noncommittal.
You were not hungry.

You visited 1 branch You collected 1920 gold pieces.
You spent 1742 gold pieces at shops.

Inventory:

Hand Weapons
 a - a +5 longbow of flaming
 b - a +2 scimitar of flaming
 o - a +0 short sword
 B - a +1 shortbow
 H - a +1 longbow of velocity
 I - a +4 longbow of freezing (weapon)
 J - a +1 glaive of venom
Missiles
 m - 206 arrows (quivered)
Armour
 c - a +0 leather armour
 p - a +0 pair of gloves
 q - a +2 ring mail (worn)
 C - a +0 pair of gloves (worn)
 D - a +0 helmet (worn)
 E - a +0 pair of gloves
 G - a +0 cloak of invisibility (worn)
 P - a +3 chain mail of poison resistance
Magical Staves
 n - an uncursed staff of energy
Jewellery
 r - a +3 ring of intelligence
 s - a +2 ring of evasion (right hand)
 w - an uncursed ring of resist corrosion
 L - an uncursed ring of protection from magic
 M - an uncursed ring of poison resistance
 N - a ring of protection from fire (left hand)
 O - an uncursed ring of protection from cold
Wands
 v - a wand of iceblast (6)
Scrolls
 k - 3 scrolls of blinking
 l - 3 scrolls of remove curse
 x - 2 scrolls of enchant weapon
 y - 6 scrolls of enchant armour
 z - a scroll of fog
 A - 2 scrolls of amnesia
 R - 2 scrolls of identify
Potions
 d - a potion of agility
 e - 3 potions of curing
 g - 3 potions of heal wounds
 h - 2 potions of haste
 i - 4 potions of magic
 j - a potion of invisibility
 t - a potion of brilliance
 u - 3 potions of might
 F - a potion of flight {unknown}
 Q - a potion of berserk rage
Comestibles
 f - 11 rations
 K - a chunk of flesh


   Skills:
 + Level 16.8(14.4) Fighting
 - Level 8.0(7.1) Short Blades
 - Level 6.6(6.5) Long Blades
 - Level 20.1(17.6) Bows
 * Level 9.7(7.7) Armour
 - Level 5.3(3.5) Dodging
 - Level 2.5(0.9) Stealth
 * Level 5.8(4.0) Spellcasting
 * Level 2.7(1.0) Charms
 * Level 2.7(1.0) Necromancy
 - Level 6.2(4.4) Translocations
 - Level 12.0(9.8) Evocations


You had 14 spell levels left.
You knew the following spells:

 Your Spells              Type           Power        Failure   Level  Hunger
a - Mephitic Cloud        Conj/Pois/Air  #.......     77%         3    ###....
b - Blink                 Tloc           N/A          11%         2    ##.....
r - Regeneration          Chrm/Necr      #.........   63%         3    ###....


Dungeon Overview and Level Annotations

Branches:
Dungeon (1/1)

Altars:
Cheibriados
Dithmenos
Elyvilon
Fedhas
Gozag
Hepliaklqana
Kikubaaqudgha
Makhleb
Nemelex Xobeh
Okawaru
Qazlal
Ru
Sif Muna
Trog
Uskayaw
Vehumet
Wu Jian
Xom
Yredelemnul
Zin
The Shining One
Beogh
Jiyva
Lugonu

Shops:
D :*(:


Innate Abilities, Weirdness & Mutations

You have hooves in place of feet.
Armour fits poorly on your strangely shaped body.
You cover ground very quickly.
You have extremely tough skin. (AC +3)


Message History

You are poisoned.
Unknown command.
Firing (i - inventory)
m - 207 arrows (quivered)
Press: ? - help, Shift-Dir - straight line, f/p - merfolk aquamancer
Aim: a merfolk aquamancer, wielding a rapier of draining and wearing a robe (almost dead)
You shoot an arrow. The arrow hits the merfolk aquamancer!
The arrow freezes the merfolk aquamancer.
The merfolk aquamancer is almost dead.
You hear a splash.
You feel sick.
The merfolk impaler hits you from afar with a demon trident of venom!
* * * LOW HITPOINT WARNING * * *
You are lethally poisoned!
* * * LOW HITPOINT WARNING * * *
You feel sick.
You feel better.
The merfolk aquamancer hits you with a rapier of draining!
* * * LOW HITPOINT WARNING * * *
You feel drained.
You die...

)[..).)))..))..)))..).[)))..))∩)∩
▓▓▓▓▓▓▓▓▓▓▓▓▓▓▓▓▓▓▓▓▓▓▓▓▓▓▓▓▓▓▓▓▓
.................................
▓▓▓▓▓▓▓▓▓▓▓▓▓▓▓▓▓▓▓▓▓▓▓▓▓▓▓▓▓▓▓▓▓
))))))).[[[.[[[[......[)[.').))..
▓▓▓▓▓▓▓▓▓▓▓▓▓▓▓▓▓▓▓▓▓▓▓▓▓▓▓▓▓▓▓▓▓
...........................).....
▓▓▓▓▓▓▓▓▓▓▓▓▓▓▓▓▓▓▓▓▓▓▓▓▓▓▓▓▓♣♣♣♣
)..))....'†(....@mm(Omcmm.m,,+,,,
▓▓▓▓▓▓▓▓▓▓▓▓▓▓▓▓▓▓▓▓▓▓▓▓▓▓*******
,,,,,,,,,,,,,,,,,,,,,,,,,,,,,,,,,
*********************************
,+,,,,,,,,,,,,,,,,,,+,,,,,,,,,,,,
*********************************
,,,,,,,,,,,,,,,,,,,,,,,,,,,,,,,,,
*********************************
,,,,,,,,,,,,,,,,,,,,,,,,,,,,,,,,,


You could see 3 merfolk impalers, a merfolk aquamancer, an ogre (berserk) and a
centaur.

Vanquished Creatures
  A sphinx (D)
  A frost giant (D)
  An entropy weaver (D)
  2 fire dragons (D)
  An ogre mage (D)
  3 two-headed ogres (D)
  2 centaur warriors (D)
  An orc high priest (D)
  A shock serpent (D)
  A naga sharpshooter (D)
  A skeletal warrior (D)
  6 orc knights (D)
  An orb spider (D)
  A wolf spider (D)
  An ugly thing (D)
  Maurice (D)
  Joseph (D)
  3 black mambas (D)
  A guardian serpent (D)
  2 naga magi (D)
  Psyche (D)
  2 spiny frogs (D)
  An efreet (D)
  3 komodo dragons (D)
  2 trolls (D)
  A tengu conjurer (D)
  A jumping spider (D)
  A hornet (D)
  2 hippogriffs (D)
  A tarantella (D)
  3 redbacks (D)
  A wraith (D)
  A yak (D)
  A basilisk (D)
  A hungry ghost (D)
  A vampire mosquito (D)
  A naga (D)
  4 water moccasins (D)
  A porcupine (D)
  2 hell hounds (D)
  17 orc warriors (D)
  A sky beast (D)
  2 black bears (D)
  An ogre (D)
  A boggart (D)
  2 crocodiles (D)
  A big kobold (D)
  3 bullfrogs (D)
  A gnoll sergeant (D)
  A scorpion (D)
  A killer bee (D)
  A hound (D)
  5 orc priests (D)
  3 orc wizards (D)
  2 shadow imps (D)
  An adder zombie (D)
  8 orcs (D)
  A giant cockroach (D)
  2 hobgoblins (D)
  A jackal (D)
  A quokka (D)
  A kobold (D)
120 creatures vanquished.

Vanquished Creatures (collateral kills)
  3 wargs (D)
  2 hell hounds (D)
  A wolf (D)
6 creatures vanquished.

Grand Total: 126 creatures vanquished

Notes
Turn   | Place    | Note
-------+----------+-------------------------------------------
     0 | D        | emperorscorpion the Centaur Hunter began the quest for the Orb.
     0 | D        | Reached XP level 1. HP: 17/17 MP: 1/1
    13 | D        | Reached skill level 6 in Bows
   168 | D        | Noticed a sky beast
   180 | D        | Reached skill level 7 in Bows
   180 | D        | Reached XP level 2. HP: 14/25 MP: 2/2
   318 | D        | Reached skill level 1 in Short Blades
   331 | D        | Killed a sky beast
   331 | D        | Reached skill level 10 in Bows
   331 | D        | Reached skill level 1 in Armour
   331 | D        | Reached skill level 1 in Stealth
   331 | D        | Reached XP level 3. HP: 4/33 MP: 3/3
   331 | D        | Reached XP level 4. HP: 5/40 MP: 4/4
   342 | D        | Found a roughly hewn altar of Beogh.
   342 | D        | Found a snail-covered altar of Cheibriados.
   342 | D        | Found a shadowy altar of Dithmenos.
   342 | D        | Found a white marble altar of Elyvilon.
   342 | D        | Found a blossoming altar of Fedhas.
   342 | D        | Found an opulent altar of Gozag.
   343 | D        | Found a hazy altar of Hepliaklqana.
   344 | D        | Found a viscous altar of Jiyva.
   345 | D        | Found an ancient bone altar of Kikubaaqudgha.
   346 | D        | Found a corrupted altar of Lugonu.
   347 | D        | Found a burning altar of Makhleb.
   348 | D        | Found a sparkling altar of Nemelex Xobeh.
   349 | D        | Found an iron altar of Okawaru.
   350 | D        | Found a stormy altar of Qazlal.
   351 | D        | Found a sacrificial altar of Ru.
   352 | D        | Found a deep blue altar of Sif Muna.
   353 | D        | Found a bloodstained altar of Trog.
   354 | D        | Found a hide-covered altar of Uskayaw.
   355 | D        | Found a radiant altar of Vehumet.
   356 | D        | Found an ornate altar of the Wu Jian Council.
   357 | D        | Found a shimmering altar of Xom.
   358 | D        | Found a basalt altar of Yredelemnul.
   359 | D        | Found a glowing silver altar of Zin.
   360 | D        | Found a glowing golden altar of the Shining One.
   361 | D        | Became a worshipper of Trog the Wrathful
   608 | D        | Noticed a gnoll sergeant
   608 | D        | Noticed a big kobold
   608 | D        | Noticed a two-headed ogre
   608 | D        | Noticed a wraith
   638 | D        | Killed a gnoll sergeant
   638 | D        | Reached skill level 11 in Bows
   638 | D        | Reached XP level 5. HP: 47/47 MP: 5/5
   654 | D        | Reached skill level 5 in Fighting
   654 | D        | Reached skill level 12 in Bows
   662 | D        | Killed a two-headed ogre
   662 | D        | Reached * piety under Trog
   662 | D        | Reached skill level 15 in Bows
   662 | D        | Reached skill level 1 in Evocations
   662 | D        | Reached XP level 6. HP: 60/60 MP: 5/7
   662 | D        | Reached XP level 7. HP: 66/66 MP: 5/8
   674 | D        | Killed a wraith
   674 | D        | Reached XP level 8. HP: 73/73 MP: 5/9
   675 | D        | Reached ** piety under Trog
   731 | D        | Noticed a white ugly thing
   731 | D        | Noticed a troll
   731 | D        | Noticed a troll
   806 | D        | Killed a white ugly thing
   806 | D        | Reached skill level 1 in Long Blades
   806 | D        | Reached skill level 16 in Bows
   818 | D        | Reached *** piety under Trog
   820 | D        | Killed a troll
   820 | D        | Received a gift from Trog
   820 | D        | Reached skill level 5 in Armour
   820 | D        | Reached XP level 9. HP: 34/83 MP: 9/11
   822 | D        | Killed a troll
  1183 | D        | Got Goovep's Grimoire of Spatial Lightness
  1196 | D        | Noticed a spiny frog
  1213 | D        | Received a gift from Trog
  1215 | D        | Received a gift from Trog
  1230 | D        | Reached skill level 17 in Bows
  1237 | D        | Killed a spiny frog
  1237 | D        | Received a gift from Trog
  1237 | D        | Reached skill level 10 in Fighting
  1245 | D        | Reached **** piety under Trog
  1446 | D        | Noticed a komodo dragon
  1446 | D        | Noticed a komodo dragon
  1488 | D        | Killed a komodo dragon
  1510 | D        | Reached XP level 10. HP: 94/94 MP: 13/13
  1512 | D        | Reached ***** piety under Trog
  1519 | D        | Reached skill level 5 in Long Blades
  1535 | D        | Received a gift from Trog
  1563 | D        | Noticed a spiny frog
  1574 | D        | Killed a spiny frog
  1637 | D        | Received a gift from Trog
  1637 | D        | Reached skill level 18 in Bows
  1668 | D        | Received a gift from Trog
  1784 | D        | Noticed Maurice
  1789 | D        | Killed Maurice
  1789 | D        | Reached skill level 5 in Dodging
  1847 | D        | Received a gift from Trog
  1848 | D        | Received a gift from Trog
  1850 | D        | Reached ****** piety under Trog
  1857 | D        | Received a gift from Trog
  1887 | D        | Received a gift from Trog
  1910 | D        | Noticed an orc high priest
  1913 | D        | Killed an orc high priest
  1913 | D        | Reached skill level 5 in Evocations
  2032 | D        | Reached skill level 19 in Bows
  2033 | D        | Received a gift from Trog
  2119 | D        | Found Zoplav's Book Emporium.
  2119 | D        | Noticed an orc knight
  2121 | D        | Reached XP level 11. HP: 105/105 MP: 12/15
  2128 | D        | Killed an orc knight
  2128 | D        | Received a gift from Trog
  2129 | D        | Received a gift from Trog
  2144 | D        | Noticed an orc knight
  2148 | D        | Noticed an orc knight
  2148 | D        | Killed an orc knight
  2155 | D        | Noticed an orc knight
  2183 | D        | Killed an orc knight
  2183 | D        | Reached skill level 20 in Bows
  2189 | D        | Killed an orc knight
  2189 | D        | Received a gift from Trog
  2216 | D        | Noticed an orc knight
  2221 | D        | Killed an orc knight
  2231 | D        | Found Xuontemn's General Store.
  2238 | D        | Found Mozxoica's Antique Weapon Emporium.
  2242 | D        | Found Oppek's Book Shoppe.
  2251 | D        | Noticed an orc knight
  2268 | D        | Killed an orc knight
  2279 | D        | Bought a potion of heal wounds for 60 gold pieces
  2279 | D        | Bought a ration for 60 gold pieces
  2279 | D        | Bought a ration for 60 gold pieces
  2287 | D        | Bought a book of Minor Magic for 240 gold pieces
  2287 | D        | Bought Nithroat's Handbook of Blistering Unholy Magic for 789 gold pieces
  2293 | D        | Bought Sif Muna's Compendium of Malediction and Snow for 533 gold pieces
  2574 | D        | Fell from the grace of Trog
  2574 | D        | Became a worshipper of Uskayaw the Reveler
  2885 | D        | Noticed Psyche
  2887 | D        | Reached * piety under Uskayaw
  2888 | D        | Killed Psyche
  2967 | D        | Found the +3 sling "Punk" {acid, rCorr}
  3056 | D        | Noticed a two-headed ogre
  3061 | D        | Killed a two-headed ogre
  3068 | D        | Noticed a skeletal warrior
  3068 | D        | Noticed a two-headed ogre
  3072 | D        | Reached ** piety under Uskayaw
  3074 | D        | Reached *** piety under Uskayaw
  3076 | D        | Killed a skeletal warrior
  3083 | D        | Reached **** piety under Uskayaw
  3090 | D        | Killed a two-headed ogre
  3093 | D        | Reached ***** piety under Uskayaw
  3096 | D        | Reached skill level 10 in Evocations
  3101 | D        | Learned a level 2 spell: Blink
  3119 | D        | Noticed an ogre mage
  3122 | D        | Killed an ogre mage
  3226 | D        | Noticed a fire dragon
  3244 | D        | Killed a fire dragon
  3400 | D        | Noticed a frost giant
  3413 | D        | Killed a frost giant
  3413 | D        | Reached skill level 1 in Spellcasting
  3413 | D        | Reached XP level 12. HP: 77/118 MP: 21/21
  3418 | D        | Noticed a sphinx
  3423 | D        | Noticed a centaur warrior
  3438 | D        | Killed a sphinx
  3438 | D        | Killed a centaur warrior
  3438 | D        | Reached skill level 15 in Fighting
  3444 | D        | Learned a level 3 spell: Regeneration
  3448 | D        | Noticed a fire dragon
  3448 | D        | Learned a level 3 spell: Mephitic Cloud
  3752 | D        | Killed a fire dragon
  3762 | D        | Noticed a centaur warrior
  3766 | D        | Killed a centaur warrior
  3953 | D        | Noticed Joseph
  3956 | D        | Killed Joseph
  4027 | D        | Reached skill level 5 in Translocations
  4035 | D        | Reached skill level 5 in Spellcasting
  4037 | D        | Reached ****** piety under Uskayaw
  4427 | D        | Noticed an entropy weaver
  4436 | D        | Reached skill level 1 in Charms
  4436 | D        | Reached skill level 1 in Necromancy
  4720 | D        | Killed an entropy weaver
  5146 | D        | Noticed a merfolk aquamancer
  5146 | D        | Noticed a merfolk impaler
  5146 | D        | Noticed a merfolk impaler
  5148 | D        | Noticed a merfolk impaler
  5166 | D        | HP: 1/124 [merfolk aquamancer/rapier of draining (16)]
  5166 | D        | Slain by a merfolk aquamancer

Vault maps used:
D:        linesprint

Skill      XL: |  1  2  3  4  5  6  7  8  9 10 11 12 |
---------------+-------------------------------------+-----
Bows           | 7 10 11 15 16 17 19 20 | 20.1
Short Blades   | 2 3 6 7 8 |  8.0
Fighting       | 4 7 9 10 12 14 16 | 16.8
Armour         | 1 2 3 4 5 6 7 8 9 |  9.7
Dodging        | 2 3 4 5 |  5.3
Stealth        | 1 2 |  2.5
Evocations     | 1 2 4 5 12 | 12.0
Long Blades    | 2 4 6 |  6.6
Spellcasting   | 1 5 |  5.8
Translocations | 2 6 |  6.2
Charms         | 2 |  2.7
Necromancy     | 2 |  2.7

Action                   |  1- 3 |  4- 6 |  7- 9 | 10-12 || total
-------------------------+-------+-------+-------+-------++-------
Melee: Short sword       |    41 |       |       |       ||    41
       Kick              |     7 |       |     5 |     2 ||    14
       Scimitar          |       |       |    19 |     3 ||    22
 Fire: Shortbow          |       |    15 |    81 |    57 ||   153
       Longbow           |       |       |       |   285 ||   285
Invok: Berserk           |       |       |     3 |       ||     3
       Trog's Hand       |       |       |     1 |       ||     1
       Brothers in Arms  |       |       |       |     1 ||     1
 Abil: Evoke Invisibilit |       |       |       |     3 ||     3
Evoke: Wand              |       |     4 |     6 |       ||    10
  Use: Potion            |     1 |       |     1 |     5 ||     7
       Scroll            |       |       |       |     2 ||     2
  Eat: Chunk             |       |       |     5 |     4 ||     9
       Ration            |       |       |       |     2 ||     2
Armor: Leather armour    |     9 |       |       |       ||     9
       Ring mail         |       |     2 |    17 |    40 ||    59
Dodge: Dodged            |    14 |     1 |    34 |    65 ||   114
       Rpst.: Scimitar   |       |       |     5 |       ||     5

Table legend:
 A = Spawn XP
 B = Non-spawn XP
 C = Spawn XP percentage of total XP
 D = Spawn monster count
 E = Non-spawn monster count
 F = Spawn count percentage of total count
 G = Total turns spent on level
                    A         B        C        D         E        F      G
               +---------+---------+-------+---------+---------+-------+---------
         Total |       0 |   36595 |   0.0 |       0 |     122 |   0.0 |  5166
               +---------+---------+-------+---------+---------+-------+---------
             D |       0 |   36595 |   0.0 |       0 |     122 |   0.0 |  5166
               +---------+---------+-------+---------+---------+-------+---------
